 Dungeon Crawl Stone Soup version 0.31-a0-1278-g11c5b68f87 (webtiles) character file.

Game seed: 3051826807843213195

174 Okkudo the Chopper (level 5, -5/45 HPs)
             Began as a Hill Orc Monk on Dec 17, 2023.
             Slain by an ogre
             ... wielding a +0 giant club
              (17 damage)
             ... on level 4 of the Dungeon.
             The game lasted 00:07:39 (3350 turns).

Okkudo the Chopper (Hill Orc Monk)                  Turns: 3350, Time: 00:07:40

Health: -5/45      AC:  8    Str: 16    XL:     5   Next: 54%
Magic:  5/5        EV:  7    Int: 10    God:
Gold:   105        SH:  0    Dex: 13    Spells: 4/4 levels left

rFire   + . .        t - +0 war axe
rCold   . . .        o - +0 buckler
rNeg    . . .        n - +0 chain mail
rPois   .            k - +0 hat
rElec   .            (no cloak)
rCorr   .            (no gloves)
SInv    .            (no boots)
Will    .....        (no amulet) Stlth
                     h - ring of protection from fire
HPRegen 0.27/turn    (no ring)
MPRegen 0.09/turn

%: no passive effects
@: confused, ambrosia-drunk
A: no striking features
a: no special abilities


You were on level 4 of the Dungeon.
You visited 1 branch of the dungeon, and saw 4 of its levels.

You collected 105 gold pieces.

Inventory:

Hand Weapons
 t - a +0 war axe (weapon)
Missiles
 d - a poisoned dart (quivered)
Armour
 k - a +0 hat (worn)
 n - a +0 chain mail (worn)
 o - a +0 buckler (worn)
Jewellery
 h - a ring of protection from fire (left hand)
Wands
 a - a wand of mindburst (11)
 u - a wand of flame (22)
Scrolls
 e - 2 scrolls of identify {unknown}
 f - a scroll of immolation {unknown}
 i - 3 scrolls of teleportation {unknown}
 j - a scroll of butterflies {unknown}
 p - a scroll of acquirement {unknown}
 q - a scroll of poison {unknown}
 r - a scroll of enchant armour {unknown}
Potions
 b - a potion of brilliance {unknown}
 c - a potion of ambrosia
 g - 2 potions of degeneration {unknown}
 l - 2 potions of berserk rage {unknown}
 m - a potion of curing {unknown}
 s - 2 potions of haste {unknown}


   Skills:
 - Level 3.6 Fighting
 * Level 7.6 Axes
 - Level 2.4 Dodging
 + Level 1.5 Shields


You had 4 spell levels left.
You didn't know any spells.
Your spell library contained the following spells:

 Spells                   Type           Power      Damage    Failure   Level
 Magic Dart               Conj           0%         1d3       100%        1
 Searing Ray              Conj           0%         2d4       100%        2
 Fulminant Prism          Conj/Hex       0%         3d5       100%        4


Dungeon Overview and Level Annotations

Branches:
Dungeon (4/15)
 Temple: D:4-7

Altars:

Shops:
D:2 *


Message History

You block the iguana's attack.
You slash the iguana!
The iguana is almost dead.
The iguana bites you!
You completely miss the iguana.
The iguana is severely wounded.
The iguana barely misses you. The iguana bites you!
You barely miss the iguana.
The iguana is severely wounded.
The iguana bites you but does no damage.
You hit the iguana.
You kill the iguana!
You see here an iguana corpse.
You start resting.
HP restored.
You open the door.
An ogre comes into view. It is wielding a +0 giant club.
The ogre shouts!
There is an open door here.
Throw: 3 darts (poison)
Press: ? - help, Q - select action, (/) - cycle Shift-Dir - straight line, f - ogre
Aim: an ogre, wielding a +0 giant club (71% to hit)
You throw a poisoned dart. The poisoned dart hits the ogre.
The ogre is poisoned.
The ogre looks more healthy.
The ogre attacks as it pursues you! The ogre closely misses you.
The ogre attacks as it pursues you!
The ogre hits you with a +0 giant club!!
Ouch! That really hurt!
Throw: 2 darts (poison)
Press: ? - help, Q - select action, (/) - cycle Shift-Dir - straight line, f/p - ogre
Aim: an ogre, wielding a +0 giant club (lightly wounded, 71% to hit)
You throw a poisoned dart. The poisoned dart hits the ogre.
The ogre is poisoned.
The ogre is lightly wounded.
The ogre attacks as it pursues you! The ogre hits you with a +0 giant club!
* * * LOW HITPOINT WARNING * * *
You are confused.
You feel invigorated. The ogre hits you with a +0 giant club!
You die...

.....###.####+##......
......#.........#......
......#.........#......
......#.........#......
#.........#......
#(........#......
#...###+### ####O..##
#+### +..@....# #....
#.......# #....
#.......# #....
##......# #....
#......# ... #....
+......# .....#...#
######## ..<..#####
.......... ..........


You could see an ogre (poisoned).

Vanquished Creatures
  A sleepcap (D:4)
  Jessica (D:2)
  An iguana (D:4)
  3 adders
  3 worms (D:2)
  2 dart slugs
  A ball python (D:2)
  An endoplasm (D:1)
  7 giant cockroaches
  6 goblins
  5 hobgoblins
  5 jackals
  4 quokkas
  5 bats
  4 frilled lizards
  5 kobolds
  4 rats
58 creatures vanquished.

Notes
Turn   | Place    | Note
-------+----------+-------------------------------------------
     0 | D:1      | Okkudo the Hill Orc Monk began the quest for the Orb.
     0 | D:1      | Reached XP level 1. HP: 19/19 MP: 1/1
   257 | D:1      | Reached XP level 2. HP: 21/26 MP: 2/2
   615 | D:1      | Reached skill level 5 in Axes
  1139 | D:2      | Reached XP level 3. HP: 26/31 MP: 3/3
  1213 | D:2      | Noticed Jessica
  1216 | D:2      | Killed Jessica
  1217 | D:2      | Reached skill level 6 in Axes
  1247 | D:2      | Reached XP level 4. HP: 39/39 MP: 4/4
  1708 | D:2      | Found Tufo's General Store.
  2055 | D:3      | Reached skill level 7 in Axes
  2509 | D:3      | Reached XP level 5. HP: 44/45 MP: 5/5
  2520 | D:3      | Identified the +4 leather armour "Ciem" {^Drain rF+ SInv}
  3128 | D:4      | Reached skill level 1 in Shields
  3335 | D:4      | Noticed an ogre
  3350 | D:4      | Slain by an ogre

Illustrated notes

Levels and vault maps discovered:
D:1:      spicycebolla_arrival_ecumenical, layout_basic, minmay_misc_feat_iff
D:2:      layout_basic, serial_shops, shop_statue, uniq_jessica
D:3:      layout_loops_cross
D:4:      layout_gridville

Skill      XL: |  1  2  3  4  5 |
---------------+----------------+-----
Axes           | 5 6 7 |  7.6
Shields        | 1 |  1.5
Fighting       | |  3.6
Dodging        | |  2.4

Action                     |  1- 3 |  4- 6 || total
---------------------------+-------+-------++-------
  Melee: Hand axe          |    61 |    94 ||   155
         War axe           |       |    31 ||    31
  Throw: Dart              |       |     2 ||     2
    Use: Potion            |       |     1 ||     1
 Armour: Robe              |    23 |    13 ||    36
         Chain mail        |       |    68 ||    68
  Dodge: Dodged            |    31 |    39 ||    70
  Block: Buckler           |       |    15 ||    15

Table legend: (Time is in decaauts)
 A = Elapsed time spent in this place.
 B = Non-inter-level travel time spent in this place.
 C = Inter-level travel time spent in this place.
 D = Time resting spent in this place.
 E = Time spent auto-exploring this place.
 F = Levels seen in this place.
 G = Mean time per level.
                   A        B        C        D        E       F      G
               +--------+--------+--------+--------+--------+-----+--------+
         Total |   3354 |   3189 |    165 |    442 |   1875 |   4 |  838.5 |
       Dungeon |   3354 |   3189 |    165 |    442 |   1875 |   4 |  838.5 |
               +--------+--------+--------+--------+--------+-----+--------+

Top non-repeatable levels by time:
     D:1: 1125 daAuts
     D:2: 910 daAuts
     D:3: 876 daAuts
     D:4: 442 daAuts
